 Dungeon Sprint DCSS version 0.18-a0-1014-g3bbf375 (webtiles) character file.

1110 pipel the Grappler (level 8, -8/91 HPs)
             Began as a Troll Berserker on Jan 6, 2016.
             Was a High Priest of Trog.
             Mangled by a shadow wraith (19 damage)
             ... in the Dungeon (Sprint VII: "The Pits").
             The game lasted 00:03:03 (249 turns).

pipel the Grappler (Troll Berserker)                 Turns: 249, Time: 00:03:03

Health: -8/91      AC:  5    Str: 28    XL:     8   Next: 11%
Magic:  7/7        EV: 12    Int:  3    God:    Trog [*****.]
Gold:   0          SH:  0    Dex:  9    Spells: 0 memorised, 7 levels left

rFire  . . .     SeeInvis .       - Unarmed
rCold  . . .     Gourm    +     a - +0 animal skin
rNeg   . . .     Faith    .     (no shield)
rPois  .         Spirit   .     (helmet restricted)
rElec  .         Dismiss  .     (no cloak)
rCorr  .         Reflect  .     (gloves unavailable)
SustAt .         Harm     .     (boots unavailable)
MR     .....     NoTele   +     (no amulet)
Stlth  +.........               (no ring)
                                (no ring)

@: slowed, very slow, not resistant to hostile enchantments, very unstealthy
A: unfitting armour, claws 3, fast metabolism 3, gourmand, regeneration 2,
shaggy fur 1, tough skin 2
a: Berserk, Trog's Hand, Brothers in Arms, Burn Spellbooks, Renounce Religion


You were in the Dungeon.
You worshipped Trog.
Trog was extremely pleased with you.
You were not hungry.

You visited 1 branch

Inventory:

Hand Weapons
 t - a +1 antimagic lajatang
Missiles
 l - 7 stones (quivered)
 s - a throwing net
Armour
 a - a +0 animal skin (worn)
Magical Staves
 m - an uncursed staff of energy
Scrolls
 h - a scroll of blinking
 n - 3 scrolls of remove curse
 o - a scroll of summoning
 p - 5 scrolls of amnesia
 q - 2 scrolls of vulnerability
Potions
 c - 6 potions of curing
 d - 3 potions of heal wounds
 e - a potion of haste
 f - 4 potions of magic
 g - 3 potions of berserk rage
 k - 2 potions of invisibility
Comestibles
 b - 9 bread rations
 i - 40 fruits
 j - 7 meat rations
 r - 11 chunks of flesh


   Skills:
 + Level 8.9 Fighting
 + Level 0.6 Throwing
 + Level 9.0 Dodging
 + Level 11.0 Unarmed Combat


You had 7 spell levels left.
You didn't know any spells.

Dungeon Overview and Level Annotations

Branches:
Dungeon (1/1)

Altars:


Innate Abilities, Weirdness & Mutations

You are too large for most types of armour.
You have claws for hands.
Your metabolism is lightning-fast.
You like to eat raw meat.
You heal very quickly.
You are covered in fur (AC +1).
You have very tough skin (AC +2).


Message History

You take 14 damage, and have 4/91 hp.
Drink which item? (? for menu, Esc to quit)
You feel much better. Something hits you!
* * * LOW HITPOINT WARNING * * *
Something drains your vigour!
You feel as though you will be slow longer.
* * * LOW HITPOINT WARNING * * *
Some of the chunks of flesh in your inventory have rotted away.
You regained 13 hp, and now have 17/91 hp.
You completely miss something. Something hits you.
* * * LOW HITPOINT WARNING * * *
You take 3 damage, and have 14/91 hp.
You barely miss something.
Your skin stops crawling.
You feel less resistant to hostile enchantments.
Something completely misses you. Something hits you.
* * * LOW HITPOINT WARNING * * *
You take 4 damage, and have 10/91 hp.
You claw something! Something hits you!!
You die...

#)#..()....##.......#
#.#........##.......#
#'###########.......#
#(.)....#.. #########
#..#.#..#.# ####
#(##.##.#.#..(.#
#.......#)#....#
#.##.##.#)'w...+
#..#.#..#@#
#.......'.#
###########


You could see a worm.

Vanquished Creatures
  A deep elf mage (D)
  Sigmund (D)
  A flying skull (D)
  A wolf (D)
  A big kobold (D)
  2 scorpions (D)
  A gnoll shaman (D)
  5 gnolls (D)
  An adder (D)
  An ooze (D)
  A bat (D)
  2 giant cockroaches (D)
  2 hobgoblins (D)
  5 jackals (D)
  A kobold (D)
  A giant newt (D)
27 creatures vanquished.

Notes
Turn   | Place    | Note
--------------------------------------------------------------
     0 | D        | pipel the Troll Berserker began the quest for the Orb.
     0 | D        | Reached XP level 1. HP: 22/22 MP: 0/0
    12 | D        | Reached XP level 2. HP: 24/31 MP: 1/1
    40 | D        | Reached ** piety under Trog
    40 | D        | Reached skill level 4 in Unarmed Combat
    59 | D        | Noticed a big kobold
    60 | D        | Reached *** piety under Trog
    68 | D        | Killed a big kobold
    68 | D        | Reached skill level 5 in Unarmed Combat
    68 | D        | Reached XP level 3. HP: 41/41 MP: 2/2
    68 | D        | Reached XP level 4. HP: 49/49 MP: 3/3
   123 | D        | Reached **** piety under Trog
   123 | D        | Reached skill level 5 in Fighting
   123 | D        | Reached skill level 6 in Unarmed Combat
   126 | D        | Reached skill level 5 in Dodging
   131 | D        | Reached ***** piety under Trog
   131 | D        | Reached skill level 7 in Unarmed Combat
   131 | D        | Reached XP level 5. HP: 59/59 MP: 4/4
   143 | D        | Received a gift from Trog
   174 | D        | Noticed Sigmund
   182 | D        | Killed Sigmund
   182 | D        | Reached skill level 8 in Unarmed Combat
   182 | D        | Reached XP level 6. HP: 71/71 MP: 5/5
   195 | D        | Noticed a flying skull
   201 | D        | Killed a flying skull
   201 | D        | Reached skill level 9 in Unarmed Combat
   201 | D        | Reached XP level 7. HP: 71/79 MP: 6/6
   203 | D        | Noticed a deep elf mage
   214 | D        | HP: 1/79 [deep elf mage/orb of energy (29)]
   217 | D        | Killed a deep elf mage
   217 | D        | Reached skill level 10 in Unarmed Combat
   223 | D        | Noticed a wolf
   224 | D        | Killed a wolf
   224 | D        | Reached XP level 8. HP: 32/91 MP: 7/7
   230 | D        | Received a gift from Trog
   230 | D        | Reached skill level 11 in Unarmed Combat
   245 | D        | HP: 4/91 [something (20)]
   249 | D        | Mangled by a shadow wraith

Vault maps used:
D:        pitsprint

Action                   |  1- 3 |  4- 6 |  7- 9 || total
-------------------------+-------+-------+-------++-------
Melee: Unarmed           |    19 |    37 |    26 ||    82
Throw: Stone             |     1 |     6 |     1 ||     8
Invok: Berserk           |     1 |     2 |       ||     3
       Trog's Hand       |       |     1 |     1 ||     2
  Use: Potion            |       |       |     3 ||     3
  Eat: Chunk             |       |     2 |     1 ||     3
